 Dungeon Crawl Stone Soup version 0.18.1-8-gdd0e5ea (webtiles) character file.

45 RudyRod the Conjurer (level 3, -9/26 HPs)
             Began as a Draconian Conjurer on June 7, 2016.
             Mangled by Crazy Yiuf
             ... wielding a +3 quarterstaff of chaos
              (14 damage)
             ... on level 2 of the Dungeon.
             The game lasted 00:09:38 (2122 turns).

RudyRod the Conjurer (Draconian Conjurer)           Turns: 2122, Time: 00:09:40

Health: -9/26      AC:  6    Str: 10    XL:     3   Next: 42%
Magic:  1/6        EV: 12    Int: 16    God:
Gold:   92         SH:  0    Dex: 11    Spells: 1 memorised, 5 levels left

rFire  . . .     SeeInvis .     j - +0 short sword
rCold  . . .     Gourm    .     (armour unavailable)
rNeg   . . .     Faith    +     (no shield)
rPois  .         Spirit   .     (helmet restricted)
rElec  .         Dismiss  .     (no cloak)
rCorr  .         Reflect  .     (no gloves)
SustAt +         Harm     .     n - +0 pair of boots
MR     .....                    d - amulet of faith
Stlth  ++........               (no ring)
                                h - ring of sustain attributes

@: lethally poisoned (-9 -> -30), not resistant to hostile enchantments,
unstealthy
A: unfitting armour, cold-blooded, AC +5
a: no special abilities


You were on level 2 of the Dungeon.
You were not hungry.

You visited 1 branch of the dungeon, and saw 2 of its levels.

You collected 92 gold pieces.

Inventory:

Hand Weapons
 c - a +0 club
 j - a +0 short sword (weapon)
Armour
 k - a +0 leather armour
 n - a +0 pair of boots (worn)
Jewellery
 d - an amulet of faith (around neck)
 h - a ring of sustain attributes (left hand)
Scrolls
 e - 3 scrolls of identify {unknown}
Potions
 i - a potion of flight {unknown}
 l - a potion of cancellation {unknown}
 p - 2 potions of lignification {unknown}
 q - a potion of might {unknown}
Books
 a - a book of Conjurations

   Spells                             Type                      Level
   a - Magic Dart                     Conjuration                  1
   b - Searing Ray                    Conjuration                  2
   c - Dazzling Spray                 Conjuration/Hexes            3
   d - Fulminant Prism                Conjuration/Hexes            4
   e - Iskenderun's Mystic Blast      Conjuration                  4
   f - Iskenderun's Battlesphere      Conjuration/Charms           5
Comestibles
 b - 2 bread rations
 f - a beef jerky
 g - a meat ration
 m - 2 royal jellies
 o - a chunk of flesh


   Skills:
 + Level 0.2 Fighting
 + Level 0.2 Maces & Flails
 + Level 2.2 Dodging
 + Level 1.9 Stealth
 + Level 2.2 Spellcasting
 + Level 4.6 Conjurations


You had 5 spell levels left.
You knew the following spells:

 Your Spells              Type           Power        Failure   Level  Hunger
a - Magic Dart            Conj           ###.         3%          1    #......


Dungeon Overview and Level Annotations

Branches:
Dungeon (2/15)

Altars:

Annotations:
D:2 Crazy Yiuf


Innate Abilities, Weirdness & Mutations

Your plain brown scales are hard (AC +5).
Your body does not fit into most forms of armour.
You are cold-blooded and may be slowed by cold attacks.


Message History

Crazy Yiuf is heavily wounded.
Crazy Yiuf says, "Island!"
Crazy Yiuf closely misses you.
You closely miss Crazy Yiuf.
Crazy Yiuf is heavily wounded.
Crazy Yiuf hits you with a quarterstaff of chaos!
You are lethally poisoned!
You hit Crazy Yiuf.
Crazy Yiuf is almost dead.
* * * LOW HITPOINT WARNING * * *
You feel sick.
Crazy Yiuf cries, "Powder bag sow!"
Crazy Yiuf drinks a potion.
Crazy Yiuf is healed!
You hit Crazy Yiuf but do no damage.
Crazy Yiuf is heavily wounded.
* * * LOW HITPOINT WARNING * * *
You feel sick.
Crazy Yiuf hits you with a quarterstaff of chaos!
Ouch! That really hurt!
You die...

♣.P.♣♣
♣♣.♣♣
♣.♣♣
♣♣.♣
♣.♣♣
♣♣.♣ #
##.##
#.g.#
#.@.#
#..)#
#####


You could see Crazy Yiuf.

Vanquished Creatures
  3 dart slugs
  A giant gecko (D:2)
  3 bats
  4 giant cockroaches
  2 goblins
  9 hobgoblins (D:1)
  2 giant newts
  6 kobolds
  6 rats
36 creatures vanquished.

Notes
Turn   | Place    | Note
--------------------------------------------------------------
     0 | D:1      | RudyRod the Draconian Conjurer began the quest for the Orb.
     0 | D:1      | Reached XP level 1. HP: 14/14 MP: 3/3
   299 | D:1      | Reached XP level 2. HP: 10/20 MP: 0/5
  1423 | D:1      | Reached XP level 3. HP: 15/26 MP: 1/6
  2112 | D:2      | Noticed Crazy Yiuf
  2122 | D:2      | Mangled by Crazy Yiuf

Skill      XL: |  1  2 |
---------------+-------+-----
Dodging        | 2 |  2.2
Fighting       | |  0.2
Maces & Flails | |  0.2
Stealth        | |  1.9
Spellcasting   | |  2.2
Conjurations   | |  4.6

Action                   || total
-------------------------++-------
Melee: Club              ||    18
       Tailslap          ||     5
       Unarmed           ||     1
       Short sword       ||    28
 Cast: Magic Dart        ||    73
  Eat: Chunk             ||     5
Armor: Skin              ||    15
Dodge: Dodged            ||    41
